 Dungeon Crawl Stone Soup version 0.31-a0-190-g4feb4907b2 (webtiles) character file.

Game seed: 9868962820158465538

118 qw the Skirmisher (level 4, 0/25 HPs)
             Began as a Deep Elf Hunter on June 23, 2023.
             Slain by Ijyb
             ... wielding a +0 club
              (2 damage)
             ... on level 3 of the Dungeon.
             The game lasted 00:00:48 (1866 turns).

qw the Skirmisher (Deep Elf Hunter)                 Turns: 1866, Time: 00:00:49

Health: 0/25       AC:  5    Str: 10    XL:     4   Next: 72%
Magic:  6/6        EV: 11    Int: 14    God:
Gold:   144        SH:  5    Dex: 20    Spells: 3/3 levels left

rFire   + . .        Y - +0 shortbow
rCold   . . .        (shield currently unavailable)
rNeg    . . .        f - +0 ring mail
rPois   .            (no helmet)
rElec   .            (no cloak)
rCorr   .            (no gloves)
SInv    .            (no boots)
Will    +....        b - amulet of reflection
Stlth   ++           e - ring of protection from fire
HPRegen 0.24/turn    j - ring of willpower
MPRegen 0.10/turn

%: reflection
@: no status effects
A: thin skeletal structure 1, sense surroundings 1, screaming 1
a: no special abilities


You were on level 3 of the Dungeon.
You visited 1 branch of the dungeon, and saw 4 of its levels.

You collected 144 gold pieces.


Innate Abilities, Weirdness & Mutations

You have a somewhat thin skeletal structure. (Dex +2, Stealth+)
You passively map a small area around you.
You occasionally shout uncontrollably at your foes.


   Skills:
 - Level 1.5 Fighting
 + Level 8.1 Ranged Weapons
 - Level 2.4 Dodging
 - Level 1.2 Stealth


You had 3 spell levels left.
You didn't know any spells.
Your spell library was empty.

Inventory:

Hand Weapons
 Y - a +0 shortbow (weapon)
Armour
 f - a +0 ring mail (worn)
Jewellery
 b - an amulet of reflection (around neck)
 e - a ring of protection from fire (left hand)
 h - a ring of fire
 j - a ring of willpower (right hand)
Scrolls
 a - a scroll of identify
Potions
 c - a potion of cancellation
 d - a potion of mutation
 g - a potion of curing

Dungeon Overview and Level Annotations

Branches:
Dungeon (4/15)
 Temple: D:4-7

Altars:

Annotations:
D:3 Ijyb


Message History

The goblin is heavily wounded.
You block the goblin's attack.
You shoot an arrow. The arrow barely misses the goblin.
You block the goblin's attack.
You shoot an arrow. The arrow hits the goblin!
You kill the goblin!
Ijyb hits you with a +0 club.
You shoot an arrow. The arrow barely misses Ijyb.
Ijyb closely misses you.
You shoot an arrow. The arrow barely misses Ijyb.
Ijyb zaps a wand.
Your mind is blasted!
Ouch! That really hurt!
You hear a shout!
1860 ||| STAIRDANCE Ijyb zaps a wand.
Your mind is blasted!
You climb upwards.
There is a stone staircase leading down here.
Enter note:
Enter note:
Enter note:
Enter note:
Enter note:
Enter note:
Enter note:
Enter note:
Enter note: You shoot an arrow.
The arrow hits Ijyb.
Ijyb is heavily wounded.
Ijyb closely misses you.
You shoot an arrow. The arrow closely misses Ijyb.
Ijyb hits you with a +0 club.
You shoot an arrow. The arrow hits Ijyb!
Ijyb is almost dead.
Ijyb barely misses you. Ijyb hits you with a +0 club.
You shoot an arrow. The arrow closely misses Ijyb.
Ijyb zaps a wand.
You resist with some effort.
You shoot an arrow. The arrow hits Ijyb.
Ijyb is almost dead.
Ijyb hits you with a +0 club.
You die...

#### #...........# #...
#..####.........#.####...
#....##.........#....)...
#.##..#####....##########
#.###...######..######### #.#
###..# ##......#... #.# ##.#
######.#... #####.######.##
#..... #..........#@g# ##.###
#..........##.####### #<.#
#..........##.......# ##.##
#..........########.## #.##
#..........## #..## #..#
#...........########..#####.#
#.................###....##.(
#..........#####..........##.
#..........# #...........#.


You could see Ijyb.

Vanquished Creatures
  A jelly (D:3)
  An adder (D:2)
  A worm (D:3)
  4 dart slugs
  5 orcs
  11 bats
  2 endoplasms
  3 giant cockroaches
  5 goblins
  7 hobgoblins
  2 jackals (D:3)
  2 quokkas (D:2)
  3 ball pythons
  2 frilled lizards
  A kobold (D:1)
  7 rats
57 creatures vanquished.

Notes
Turn   | Place    | Note
-------+----------+-------------------------------------------
     0 | D:1      | qw the Deep Elf Hunter began the quest for the Orb.
     0 | D:1      | Reached XP level 1. HP: 12/12 MP: 3/3
     0 | D:1      | 0 ||| qw: Version: 0.3-a-9-g12657ce
     0 | D:1      | 0 ||| qw: Game counter: 4485
     0 | D:1      | 0 ||| qw: Always use a shield: true
     0 | D:1      | 0 ||| qw: God list: Okawaru
     0 | D:1      | 0 ||| qw: Allow faded altars: false
     0 | D:1      | 0 ||| qw: Do Orc after D:15 true
     0 | D:1      | 0 ||| qw: Do second Lair branch before Depths: true
     0 | D:1      | 0 ||| qw: Lair rune preference: random
     0 | D:1      | 0 ||| qw: Plans: Normal
     0 | D:1      | 0 ||| PLANNING D:1-11
    70 | D:1      | Reached skill level 6 in Ranged Weapons
    70 | D:1      | Reached XP level 2. HP: 16/16 MP: 4/4
   353 | D:1      | Found a faded altar of an unknown god.
   419 | D:1      | 419 ||| UPGRADING to +0 ring mail.
   429 | D:1      | 429 ||| DROPPING +0 leather armour.
   430 | D:1      | 430 ||| UPGRADING to ring of protection from fire.
   431 | D:1      | 431 ||| READING scroll labelled ZOASEWIOPT.
   432 | D:1      | 432 ||| READING scroll labelled IPEFUC TEOCOA.
   433 | D:1      | 433 ||| DRINKING 2 sedimented ruby potions.
   463 | D:1      | 463 ||| DROPPING scroll of butterflies.
   464 | D:1      | 464 ||| DROPPING potion of lignification.
   629 | D:2      | Reached XP level 3. HP: 20/20 MP: 5/5
  1030 | D:2      | 1030 ||| UPGRADING to ring of willpower.
  1031 | D:2      | 1031 ||| READING scroll labelled NEYM HYCHO.
  1032 | D:2      | 1032 ||| READING scroll labelled PUDIVA XASS.
  1035 | D:2      | 1035 ||| READING 3 scrolls labelled KUMEYTHR ADUNY.
  1036 | D:2      | 1036 ||| READING scroll labelled XASCHE XIAKLE.
  1037 | D:2      | 1037 ||| READING 2 scrolls of identify.
  1037 | D:2      | 1037 ||| IDENTIFYING fizzy emerald potion
  1038 | D:2      | 1038 ||| DROPPING 2 scrolls of noise.
  1070 | D:3      | Reached skill level 7 in Ranged Weapons
  1074 | D:3      | 1074 ||| STAIRDANCE
  1105 | D:3      | 1105 ||| STAIRDANCE
  1188 | D:3      | Reached XP level 4. HP: 25/25 MP: 6/6
  1372 | D:3      | Reached skill level 8 in Ranged Weapons
  1793 | D:3      | 1793 ||| UPGRADING to amulet of reflection.
  1798 | D:3      | 1798 ||| DRINKING 2 bubbling green potions.
  1798 | D:3      | Gained mutation: You occasionally shout uncontrollably at
                  | your foes. [potion of mutation]
  1798 | D:3      | Gained mutation: You passively map a small area around you.
                  | [potion of mutation]
  1798 | D:3      | Gained mutation: You have a somewhat thin skeletal
                  | structure. (Dex +2, Stealth+) [potion of mutation]
  1799 | D:3      | 1799 ||| DRINKING 2 viscous grey potions.
  1800 | D:3      | 1800 ||| READING 2 scrolls of identify.
  1800 | D:3      | 1800 ||| IDENTIFYING lumpy emerald potion
  1801 | D:3      | 1801 ||| DROPPING potion of attraction.
  1849 | D:4      | Noticed Ijyb
  1860 | D:4      | 1860 ||| STAIRDANCE
  1860 | D:4      | HP: 5/25 [disintegration (4)]
  1864 | D:3      | HP: 1/25 [Ijyb/+0 club (2)]
  1866 | D:3      | Slain by Ijyb

Levels and vault maps discovered:
D:1:      wander_arrival_estate, layout_rooms, shapermc_ecumenical_altar_ellora
D:2:      layout_basic, nicolae_elevator_lobby_plus
D:3:      layout_rooms, minivault_25, kennysheep_small_spiral,
          chequers_serial_rivers_micro_c, minmay_misc_feat_doors,
          minmay_quantized
D:4:      layout_rooms, uniq_robin, uniq_duvessa, uniq_ijyb

Skill      XL: |  1  2  3  4 |
---------------+-------------+-----
Ranged Weapons | 6 7 8 |  8.1
Fighting       | |  1.5
Dodging        | |  2.4
Stealth        | |  1.2

Action                     |  1- 3 |  4- 6 || total
---------------------------+-------+-------++-------
   Fire: Shortbow          |    92 |    67 ||   159
    Use: Scroll            |     7 |     1 ||     8
         Potion            |     1 |     2 ||     3
 Armour: Ring mail         |     9 |     2 ||    11
  Dodge: Dodged            |    15 |    13 ||    28
  Block: Other             |       |     2 ||     2

Table legend:
 A = Non-vault XP
 B = Vault XP
 C = Vault XP percentage of total XP
 D = Non-vault monster count
 E = Vault monster count
 F = Vault count percentage of total count
                 A         B        C        D         E       F
            +---------+---------+-------+---------+---------+-------
      Total |     162 |       7 |   4.1 |      53 |       4 |   7.0
            +---------+---------+-------+---------+---------+-------
        D:1 |      30 |       0 |   0.0 |      16 |       0 |   0.0
        D:2 |      37 |       0 |   0.0 |      12 |       0 |   0.0
        D:3 |      93 |       7 |   7.0 |      24 |       4 |  14.3
        D:4 |       2 |       0 |   0.0 |       1 |       0 |   0.0
            +---------+---------+-------+---------+---------+-------
